3L
HOUSTON 1837 BBC @ FT. WORTH CATTLEMEN
07/20/2033
 
TOP OF THE 1ST
Houston 1837 BBC batting - Pitching for Ft. Worth Cattlemen : RHP Gustavo Pérez
Pitching: RHP Gustavo Pérez
Batting: LHB Owen Sharts 0-0: Ball
1-0: Ball
2-0: SINGLE (Flyball, 7S)
Batting: RHB Norm Chodorow 0-0: Called Strike
0-1: Ball
Owen Sharts is caught stealing 2nd base
1-1: Ball
2-1: Swinging Strike
2-2: SINGLE (Groundball, 6MD)
Batting: LHB Mike Houston 0-0: Called Strike
Norm Chodorow is caught stealing 2nd base
0-1: Ball
1-1: Called Strike
1-2: Ball
2-2: Ball
3-2: Strikes out swinging
Top of the 1st over - 0 runs, 2 hits, 0 errors, 0 left on base; Houston 0 - Ft. Worth 0
BOTTOM OF THE 1ST
Ft. Worth Cattlemen batting - Pitching for Houston 1837 BBC : RHP Darweshi Hadiya
Pitching: RHP Darweshi Hadiya
Batting: SHB Javier Vázquez 0-0: Ball
1-0: Called Strike
1-1: Ball
2-1: SINGLE (Groundball, 34S) (infield hit)
Batting: LHB Chris Etheridge 0-0: Called Strike
0-1: Fly out, F7 (Flyball, 78D)
Runner from 1st tags up, SAFE at 2nd
Batting: LHB Jesús Morales 0-0: Ball
1-0: Foul Ball, location: 2F
1-1: Ball
2-1: Ball
3-1: Fly out, F1 (Line Drive, 13)
Batting: RHB Gilberto Juárez 0-0: Ball
1-0: Ball
2-0: Foul Ball, location: 2F
2-1: Called Strike
2-2: Foul Ball, location: 2F
2-2: Fly out, F7 (Flyball, 7LSF)
Bottom of the 1st over - 0 runs, 1 hit, 0 errors, 1 left on base; Houston 0 - Ft. Worth 0
TOP OF THE 2ND
Houston 1837 BBC batting - Pitching for Ft. Worth Cattlemen : RHP Gustavo Pérez
Batting: RHB Sotaro Sakata 0-0: Called Strike
0-1: Ball
1-1: Foul Ball, location: 2F
1-2: Ground out 6-3 (Groundball, 6D)
Batting: RHB Xavier Pérez 0-0: Called Strike
0-1: Foul Ball, location: 2F
0-2: Ball
1-2: Ball
2-2: Strikes out looking
Batting: RHB Komotay Koffie 0-0: Swinging Strike
0-1: Foul Ball, location: 2F
0-2: Ball
1-2: Strikes out swinging
Top of the 2nd over - 0 runs, 0 hits, 0 errors, 0 left on base; Houston 0 - Ft. Worth 0
BOTTOM OF THE 2ND
Ft. Worth Cattlemen batting - Pitching for Houston 1837 BBC : RHP Darweshi Hadiya
Batting: SHB Roberto Mosca 0-0: Called Strike
0-1: Ball
1-1: Ball
2-1: Ball
3-1: Called Strike
3-2: Base on Balls
Batting: LHB Glen Allen Mixon 0-0: Called Strike
0-1: Ball
1-1: Ball
2-1: Ground out U3 (Groundball, 34S)
Roberto Mosca to second
Batting: LHB Nobuo Yamashita 0-0: Foul Ball, location: 2F
0-1: DOUBLE (Flyball, 78XD)
Roberto Mosca scores
Batting: SHB Robby Day 0-0: Ball
1-0: Ground out U3 (Groundball, 3)
Nobuo Yamashita to third
Batting: RHB Juan Aguirre 0-0: Ball
1-0: Called Strike
1-1: Swinging Strike
1-2: Foul Ball, location: 2F
1-2: Ball
2-2: Ball
3-2: Foul Ball, location: 2F
3-2: Ground out 4-3 (Groundball, 4)
Bottom of the 2nd over - 1 run, 1 hit, 0 errors, 1 left on base; Houston 0 - Ft. Worth 1
TOP OF THE 3RD
Houston 1837 BBC batting - Pitching for Ft. Worth Cattlemen : RHP Gustavo Pérez
Batting: LHB Guillermo Arellano 0-0: Ball
1-0: Swinging Strike
1-1: Ball
2-1: SINGLE (Flyball, 8RS)
Batting: RHB Lionel McCloud 0-0: Ball
1-0: Swinging Strike
1-1: Fielders Choice at 2nd, 4-6 (Groundball, 4)
Batting: RHB Dave Yates 0-0: Ball
Lionel McCloud is caught stealing 2nd base
1-0: Swinging Strike
1-1: Ground out 6-3 (Groundball, 6)
Top of the 3rd over - 0 runs, 1 hit, 0 errors, 0 left on base; Houston 0 - Ft. Worth 1
BOTTOM OF THE 3RD
Ft. Worth Cattlemen batting - Pitching for Houston 1837 BBC : RHP Darweshi Hadiya
Batting: SHB Javier Vázquez 0-0: Foul Ball, location: 2F
0-1: Ball
1-1: Ball
2-1: Swinging Strike
2-2: Foul Ball, location: 2F
2-2: Foul Ball, location: 2F
2-2: Foul Ball, location: 2F
2-2: Ball
3-2: Foul Ball, location: 2F
3-2: Foul Ball, location: 2F
3-2: Base on Balls
Batting: LHB Chris Etheridge 0-0: Ball
1-0: Called Strike
1-1: Ball
2-1: Ball
Javier Vázquez steals 2nd base
3-1: Foul Ball, location: 2F
3-2: Foul Ball, location: 2F
3-2: Foul Ball, location: 2F
3-2: Ground out 4-3 (Groundball, 4)
Javier Vázquez to third
Batting: LHB Jesús Morales 0-0: SINGLE (Line Drive, 8LS)
Javier Vázquez scores
Batting: RHB Gilberto Juárez 0-0: Called Strike
Jesús Morales steals 2nd base
0-1: Ball
1-1: Swinging Strike
1-2: DOUBLE (Flyball, 8RXD)
Jesús Morales scores
Batting: SHB Roberto Mosca 0-0: Called Strike
0-1: Ball
1-1: Fly out, F5 (Popup, 15)
Batting: LHB Glen Allen Mixon 0-0: Called Strike
0-1: Foul Ball, location: 2F
0-2: Ball
1-2: Ball
2-2: Ground out 4-3 (Groundball, 4)
Bottom of the 3rd over - 2 runs, 2 hits, 0 errors, 1 left on base; Houston 0 - Ft. Worth 3
TOP OF THE 4TH
Houston 1837 BBC batting - Pitching for Ft. Worth Cattlemen : RHP Gustavo Pérez
Batting: LHB Owen Sharts 0-0: Ball
1-0: Called Strike
1-1: Foul Ball, location: 2F
1-2: Ball
2-2: DOUBLE (Line Drive, 7LM)
Batting: RHB Norm Chodorow 0-0: Called Strike
0-1: Fly out, F7 (Flyball, 7)
Batting: LHB Mike Houston 0-0: Swinging Strike
0-1: Foul Ball, location: 2F
0-2: Foul Ball, location: 2F
0-2: Ground out 4-3 (Groundball, 4)
Owen Sharts to third
Batting: RHB Sotaro Sakata 0-0: Called Strike
0-1: Foul Ball, location: 2F
0-2: Ground out 5-3 (Groundball, 56)
Top of the 4th over - 0 runs, 1 hit, 0 errors, 1 left on base; Houston 0 - Ft. Worth 3
BOTTOM OF THE 4TH
Ft. Worth Cattlemen batting - Pitching for Houston 1837 BBC : RHP Darweshi Hadiya
Batting: LHB Nobuo Yamashita 0-0: Called Strike
0-1: Ground out 5-3 (Groundball, 5)
Batting: SHB Robby Day 0-0: Ball
1-0: Called Strike
1-1: Fly out, F8 (Flyball, 8LD)
Batting: RHB Juan Aguirre 0-0: Called Strike
0-1: Ball
1-1: Called Strike
1-2: Ball
2-2: Strikes out swinging
Bottom of the 4th over - 0 runs, 0 hits, 0 errors, 0 left on base; Houston 0 - Ft. Worth 3
TOP OF THE 5TH
Houston 1837 BBC batting - Pitching for Ft. Worth Cattlemen : RHP Gustavo Pérez
Batting: RHB Xavier Pérez 0-0: Ground out 6-3 (Groundball, 6)
Batting: RHB Komotay Koffie 0-0: Foul Ball, location: 2F
0-1: Ball
1-1: Foul Ball, location: 2F
1-2: SINGLE (Flyball, 7S)
Batting: LHB Guillermo Arellano 0-0: Ball
1-0: Ball
2-0: Foul Ball, location: 2F
2-1: Called Strike
2-2: Foul Ball, location: 2F
2-2: Ball
3-2: Base on Balls
Komotay Koffie to second
Batting: RHB Lionel McCloud 0-0: Ball
1-0: Called Strike
1-1: 3-RUN HOME RUN (Flyball, 7LD), Distance : 372 ft
Batting: RHB Dave Yates 0-0: Ball
1-0: Called Strike
1-1: Foul Ball, location: 2F
1-2: Foul Ball, location: 2F
1-2: Foul Ball, location: 2F
1-2: SOLO HOME RUN (Flyball, 7D), Distance : 398 ft
Batting: LHB Owen Sharts 0-0: Called Strike
0-1: Ground out 4-3 (Groundball, 4)
Batting: RHB Norm Chodorow 0-0: Called Strike
0-1: Ball
1-1: Swinging Strike
1-2: Foul Ball, location: 2F
1-2: SINGLE (Line Drive, 6D)
Batting: LHB Mike Houston 0-0: Called Strike
0-1: Hit by Pitch
Norm Chodorow to second
Batting: RHB Sotaro Sakata 0-0: Ball
1-0: Swinging Strike
1-1: Ball
2-1: 3-RUN HOME RUN (Flyball, 9LD), Distance : 355 ft
Pitching: RHP Oliver Huerta
Batting: RHB Xavier Pérez 0-0: Called Strike
0-1: Ball
1-1: Ball
2-1: Ball
3-1: Foul Ball, location: 2F
3-2: Base on Balls
Batting: RHB Komotay Koffie 0-0: Ball
1-0: Swinging Strike
1-1: Ball
2-1: Foul Ball, location: 2F
2-2: Ball
3-2: Foul Ball, location: 2F
3-2: Foul Ball, location: 2F
3-2: Base on Balls
Xavier Pérez to second
Batting: LHB Guillermo Arellano 0-0: Ball
1-0: Ball
2-0: Ball
3-0: Called Strike
3-1: Base on Balls
Xavier Pérez to third
Komotay Koffie to second
Batting: RHB Lionel McCloud 0-0: Ball
1-0: Called Strike
1-1: Ball
2-1: Fielders Choice at 2nd, 6-4 (Groundball, 56D)
Top of the 5th over - 7 runs, 5 hits, 0 errors, 3 left on base; Houston 7 - Ft. Worth 3
BOTTOM OF THE 5TH
Ft. Worth Cattlemen batting - Pitching for Houston 1837 BBC : RHP Darweshi Hadiya
Batting: SHB Javier Vázquez 0-0: Ball
1-0: Ball
2-0: Called Strike
2-1: Reached on error, E6 (Groundball, 6)
Batting: LHB Chris Etheridge 0-0: Ball
1-0: Ball
2-0: Called Strike
2-1: Foul Ball, location: 2F
2-2: Ball
3-2: Ground out 4-3 (Groundball, 4)
Javier Vázquez to third
Pitching: LHP Javier Desdin
Batting: LHB Jesús Morales 0-0: Ground out U3 (Groundball, 3)
Batting: RHB Gilberto Juárez 0-0: Ball
1-0: Swinging Strike
1-1: Ball
2-1: Called Strike
2-2: Foul Ball, location: 2F
2-2: Foul Ball, location: 2F
2-2: Foul Ball, location: 2F
2-2: SINGLE (Line Drive, 34)
Javier Vázquez scores
Batting: SHB Roberto Mosca 0-0: Called Strike
0-1: Foul Ball, location: 2F
0-2: Ball
1-2: Fly out, F8 (Line Drive, 8RM)
Bottom of the 5th over - 1 run, 1 hit, 1 error, 1 left on base; Houston 7 - Ft. Worth 4
TOP OF THE 6TH
Houston 1837 BBC batting - Pitching for Ft. Worth Cattlemen : RHP Oliver Huerta
Batting: RHB Dave Yates 0-0: Called Strike
0-1: Called Strike
0-2: Foul Ball, location: 2F
0-2: Strikes out swinging
Batting: LHB Owen Sharts 0-0: Called Strike
0-1: Ball
1-1: Ground out 6-3 (Groundball, 6)
Batting: RHB Norm Chodorow 0-0: Ball
1-0: Foul Ball, location: 2F
1-1: Ball
2-1: Ball
3-1: Called Strike
3-2: Base on Balls
Batting: LHB Mike Houston 0-0: Ball
1-0: Called Strike
1-1: Ball
2-1: Ball
3-1: Fly out, F9 (Line Drive, 9)
Top of the 6th over - 0 runs, 0 hits, 0 errors, 1 left on base; Houston 7 - Ft. Worth 4
BOTTOM OF THE 6TH
Ft. Worth Cattlemen batting - Pitching for Houston 1837 BBC : LHP Javier Desdin
Batting: LHB Glen Allen Mixon 0-0: Ball
1-0: Swinging Strike
1-1: Ground out 4-3 (Groundball, 4)
Batting: LHB Nobuo Yamashita 0-0: Ball
1-0: Swinging Strike
1-1: Ground out 3-1 (Groundball, 34S)
Batting: SHB Robby Day 0-0: Ball
1-0: Foul Ball, location: 2F
1-1: Ball
2-1: Ball
3-1: Base on Balls
Batting: RHB Juan Aguirre 0-0: Ground out 4-3 (Groundball, 4D)
Bottom of the 6th over - 0 runs, 0 hits, 0 errors, 1 left on base; Houston 7 - Ft. Worth 4
TOP OF THE 7TH
Houston 1837 BBC batting - Pitching for Ft. Worth Cattlemen : RHP Oliver Huerta
Batting: RHB Sotaro Sakata 0-0: Ball
1-0: Ball
2-0: Called Strike
2-1: Ball
3-1: Called Strike
3-2: Base on Balls
Batting: RHB Xavier Pérez 0-0: Ball
1-0: Called Strike
1-1: Ball
2-1: Called Strike
2-2: Ball
3-2: Grounds into double play, 5-4-3 (Groundball, 56)
Batting: RHB Komotay Koffie 0-0: Ball
1-0: Called Strike
1-1: Ball
2-1: Foul Ball, location: 2F
2-2: Foul Ball, location: 2F
2-2: Ball
3-2: Base on Balls
Pitching: RHP Pedro Figueroa
Batting: LHB Guillermo Arellano 0-0: Called Strike
0-1: Ball
1-1: Ball
2-1: Fly out, F6 (Line Drive, 6M)
Top of the 7th over - 0 runs, 0 hits, 0 errors, 1 left on base; Houston 7 - Ft. Worth 4
BOTTOM OF THE 7TH
Ft. Worth Cattlemen batting - Pitching for Houston 1837 BBC : LHP Javier Desdin
Batting: SHB Javier Vázquez 0-0: Called Strike
0-1: Foul Ball, location: 2F
0-2: Ball
1-2: Ball
2-2: Ball
3-2: Foul Ball, location: 2F
3-2: DOUBLE (Line Drive, 7LD)
Batting: LHB Chris Etheridge 0-0: SINGLE (Groundball, 3S) (infield hit)
Javier Vázquez to third
Pitching: LHP José Flores
Batting: LHB Jesús Morales 0-0: Ball
1-0: Called Strike
1-1: Ball
2-1: Fielders Choice at 2nd, 4-6 (Groundball, 4)
Javier Vázquez scores
Batting: RHB Gilberto Juárez 0-0: Called Strike
0-1: Called Strike
0-2: Strikes out swinging
Batting: SHB Roberto Mosca 0-0: Ball
Wild Pitch!
Jesús Morales to second
1-0: Foul Ball, location: 2F
1-1: Swinging Strike
1-2: Strikes out swinging
Bottom of the 7th over - 1 run, 2 hits, 0 errors, 1 left on base; Houston 7 - Ft. Worth 5
TOP OF THE 8TH
Houston 1837 BBC batting - Pitching for Ft. Worth Cattlemen : RHP Pedro Figueroa
Batting: RHB Lionel McCloud 0-0: Ground out 6-3 (Groundball, 6)
Batting: RHB Dave Yates 0-0: Ground out 4-3 (Groundball, 4)
Batting: LHB Owen Sharts 0-0: Ball
1-0: Called Strike
1-1: Ball
2-1: Swinging Strike
2-2: Strikes out swinging
Top of the 8th over - 0 runs, 0 hits, 0 errors, 0 left on base; Houston 7 - Ft. Worth 5
BOTTOM OF THE 8TH
Ft. Worth Cattlemen batting - Pitching for Houston 1837 BBC : LHP José Flores
Batting: LHB Glen Allen Mixon 0-0: Called Strike
0-1: Ball
1-1: Swinging Strike
1-2: Ball
2-2: Strikes out swinging
Batting: LHB Nobuo Yamashita 0-0: Ball
1-0: Ball
2-0: SINGLE (Flyball, 9LM)
Batting: SHB Robby Day 0-0: Ball
1-0: Swinging Strike
1-1: Called Strike
1-2: Ball
2-2: Ball
3-2: Foul Ball, location: 2F
3-2: Base on Balls
Nobuo Yamashita to second
Pitching: RHP Pedro Valdéz
Pinch Hitting: RHB Rich Flannery 0-0: Called Strike
0-1: Ball
1-1: Ball
2-1: Swinging Strike
2-2: Strikes out swinging
Batting: SHB Javier Vázquez 0-0: Called Strike
0-1: Ball
1-1: Swinging Strike
1-2: Foul Ball, location: 2F
1-2: Ball
2-2: Strikes out looking
Bottom of the 8th over - 0 runs, 1 hit, 0 errors, 2 left on base; Houston 7 - Ft. Worth 5
TOP OF THE 9TH
Houston 1837 BBC batting - Pitching for Ft. Worth Cattlemen : RHP Pedro Figueroa
Now at 3B: Vincent Vega
Batting: RHB Norm Chodorow 0-0: SINGLE (Line Drive, 5)
Batting: LHB Mike Houston 0-0: Called Strike
0-1: Ball
1-1: Swinging Strike
1-2: Strikes out swinging
Batting: RHB Sotaro Sakata 0-0: Called Strike
0-1: Swinging Strike
0-2: Ball
1-2: Strikes out swinging
Batting: RHB Xavier Pérez 0-0: Ball
1-0: Called Strike
1-1: Fly out, F6 (Popup, 6MD)
Top of the 9th over - 0 runs, 1 hit, 0 errors, 1 left on base; Houston 7 - Ft. Worth 5
BOTTOM OF THE 9TH
Ft. Worth Cattlemen batting - Pitching for Houston 1837 BBC : RHP Pedro Valdéz
Pitching: RHP Yoriyoshi Sugimoto
Batting: LHB Chris Etheridge 0-0: Called Strike
0-1: Ball
1-1: Ground out 4-3 (Groundball, 4)
Batting: LHB Jesús Morales 0-0: Swinging Strike
0-1: Fly out, F9 (Flyball, 89M)
Batting: RHB Gilberto Juárez 0-0: Ball
1-0: SINGLE (Line Drive, 34D)
Batting: SHB Roberto Mosca 0-0: Called Strike
0-1: Ball
1-1: Ball
2-1: Swinging Strike
2-2: Strikes out looking
Bottom of the 9th over - 0 runs, 1 hit, 0 errors, 1 left on base; Houston 7 - Ft. Worth 5
Saturday, December 22nd, 2018 - OOTP Baseball 18.8 Build 76